AoeStats
← Boiorix

Arabia

505330476Analyzed
2v2 RM · 24d ago on Sep 8, 2026· 25m 57s· 4 players
Game mode
Random Map
Map size
Medium (4 player)
Population
200
Speed
Normal
Resources
Standard
Victory
Conquest
Starting age
Dark Age
Ending age
Imperial Age
RankedLock teamsTeams togetherTeam positionsShared explorationLock speedFull tech treeHidden civsTurbo modeCheats
Victory
Defeat
🇮🇳 Britons · India
1032
+13
🇹🇷 Burgundians · Türkiye
885
+20
🇧🇷 Tupi · Brazil
996
-18
🇧🇷 Turks · Brazil
927
-15
MP
12:33 Feudal Age
16:59 Castle Age
Boiorix
4:31 Loom
11:56 Feudal Age
20:31 Castle Age
20:00 Fletching
22:21 Bodkin Arrow
22:00 Elite Skirmisher
23:23 Padded Archer Armor
fares_x86
0:57 Loom
10:39 Feudal Age
16:08 Horse Collar
17:42 Double-Bit Axe
20:11 Castle Age
18:11 Gold Mining
18:36 Scale Barding Armor
18:43 Forging
18:45 Heavy Plow
20:14 Cavalier
21:37 Chain Barding Armor
25:12 Iron Casting
P A T S H A
7:15 Loom
7:20 Loom
9:31 Feudal Age
10:23 Double-Bit Axe
13:06 Fletching
25:21 Castle Age
24:37 Padded Archer Armor
25:42 Crossbowman
26:20 Bodkin Arrow
26:40 Leather Archer Armor
Connection lost

Rejoining the realm…

Still unreachable

The connection could not be restored.

Session expired

The server has moved on; the page needs a fresh start.